 Dungeon Crawl Stone Soup version 0.31-a0-277-g31ea1f65cc (webtiles) character file.

Game seed: 13682176727490911203

294 Ofeo the Trooper (level 6, -1/78 HPs)
             Began as a Draconian Shapeshifter on July 16, 2023.
             Slain by Blork the orc
             ... wielding a +4 heavy long sword
              (8 damage)
             ... on level 5 of the Dungeon.
             The game lasted 00:03:34 (4744 turns).

Ofeo the Trooper (Draconian Shapeshifter)           Turns: 4744, Time: 00:03:35

Health: -1/78      AC:  6    Str: 19    XL:     6   Next: 11%
Magic:  6/6        EV: 12    Int:  8    God:
Gold:   258        SH:  0    Dex: 12    Spells: 5/5 levels left

rFire   . .          .
                       - Unarmed
rCold   . . .        (no shield)
rNeg    . . .        (body armour unavailable)
rPois   .            (helmet currently unavailable)
rElec   .            (cloak currently unavailable)
rCorr   .            (gloves currently unavailable)
SInv    .            (boots currently unavailable)
Will    +....        (no amulet) Stlth
                     e - ring of willpower
HPRegen 0.33/turn    (no ring)
MPRegen 0.10/turn

%: no passive effects
@: berserking (expiring), lethally poisoned (-1 -> -3), beast-form, very quick
A: beast (slay +2), AC +6, unfitting armour, cold-blooded
a: Begin Untransformation


You were on level 5 of the Dungeon.
You were a hulking beast.
You visited 1 branch of the dungeon, and saw 5 of its levels.

You collected 282 gold pieces.
You spent 24 gold pieces at shops.

Inventory:

Jewellery
 d - an amulet of faith
 e - a ring of willpower (left hand)
 j - a ring of ice
 k - a ring of ice
 o - a ring of ice
Talismans
 b - a beast talisman
Scrolls
 c - 7 scrolls of teleportation {@r3}
 l - a scroll of immolation
Potions
 a - a potion of lignification
 h - a potion of mutation
 m - a potion of might {unknown}
 q - a potion of curing {@q1}


   Skills:
 + Level 4.0 Fighting
 + Level 3.2 Dodging
 + Level 3.6 Unarmed Combat
 + Level 3.9 Shapeshifting


You had 5 spell levels left.
You didn't know any spells.
Your spell library contained the following spells:

 Spells                   Type           Power      Damage    Failure   Level
 Kiss of Death            Conj/Necr      0%         2d5       41%         1
 Confusing Touch          Hex            0%         N/A       78%         3
 Dispel Undead            Necr           0%         3d6       99%         4


Dungeon Overview and Level Annotations

Branches:
Dungeon (5/15)
 Temple: D:4-7

Altars:
Okawaru
Uskayaw

Shops:
D:1 [[[*

Annotations:
D:5 Blork the orc


Innate Abilities, Weirdness & Mutations

You are a hulking beast.
Your limbs bulge with bestial killing power. (Slay +2)
Your plain brown scales are hard. (AC +6)
You cannot fit into any form of body armour.
You are cold-blooded and may be slowed by cold attacks.


Message History

You now have 51/78 hp.
You feel a strong urge to attack something.
You feel sick.
You take 1 damage, and have 50/78 hp.
You feel sick.
Blork the orc gestures at you while chanting.
The magic dart hits you.
You take 8 damage, and have 42/78 hp.
You are too injured to fight recklessly!
You are too injured to fight recklessly!
You are too injured to fight recklessly!
You hit Blork the orc. You tail-slap Blork the orc!
Blork the orc is moderately wounded.
You feel sick.
You take 1 damage, and have 41/78 hp.
You barely miss Blork the orc. You tail-slap Blork the orc.
Blork the orc is heavily wounded.
You feel sick.
Blork the orc hits you with a +4 heavy long sword!
You take 11 damage, and have 30/78 hp.
You barely miss Blork the orc.
Blork the orc is heavily wounded.
You feel sick.
You barely miss Blork the orc.
Blork the orc is heavily wounded.
You feel sick.
You take 1 damage, and have 29/78 hp.
You punch Blork the orc!
Blork the orc is severely wounded.
You feel sick.
Blork the orc hits you with a +4 heavy long sword!!
* * * LOW HITPOINT WARNING * * *
You take 21 damage, and have 8/78 hp.
MASSIVE DAMAGE!!
You barely miss Blork the orc.
Blork the orc is severely wounded.
You punch Blork the orc!
Blork the orc is almost dead.
You feel sick.
Blork the orc hits you with a +4 heavy long sword!
You die...

##### #... ##########.#
#####
##..[.......#####.....
..................#####
##.........#..........#
#......<.###...h......#
.....##...##....o.....#
.### #...............#
.................#
####.###........... #.#
#..........# #.#
######.##### #.# .# #.#


You could see Blork the orc.

Vanquished Creatures
  A scorpion (D:5)
  A hound (D:4)
  3 iguanas (D:4)
  4 adders
  An ufetubus (D:4)
  3 worms
  A dart slug (D:3)
  6 orcs (D:3)
  5 endoplasms
  3 giant cockroaches
  4 goblins
  5 hobgoblins
  3 jackals (D:3)
  3 quokkas
  9 ball pythons
  7 bats
  6 frilled lizards
  6 kobolds
  4 rats
75 creatures vanquished.

Notes
Turn   | Place    | Note
-------+----------+-------------------------------------------
     0 | D:1      | Ofeo the Draconian Shapeshifter began the quest for the
                  | Orb.
     0 | D:1      | Reached XP level 1. HP: 17/17 MP: 1/1
   203 | D:1      | Found Soatasur's Assorted Antiques.
   211 | D:1      | Bought a scroll labelled MIATEE CEKA for 24 gold pieces
   290 | D:1      | Found Erekyw's Antique Armour Shop.
   319 | D:1      | Reached XP level 2. HP: 21/25 MP: 2/2
   514 | D:1      | Found Seabuegorr's Armour Shop.
   621 | D:1      | Found Kuukhe's Antique Armour Emporium.
  1972 | D:2      | Reached XP level 3. HP: 30/30 MP: 3/3
  2344 | D:3      | Found a large runed translucent door.
  2344 | D:3      | Found a large runed translucent door.
  2631 | D:3      | Reached skill level 3 in Fighting
  2769 | D:3      | Reached XP level 4. HP: 32/38 MP: 4/4
  3715 | D:3      | Found a hide-covered altar of Uskayaw.
  3725 | D:3      | Found an iron altar of Okawaru.
  3919 | D:4      | Reached XP level 5. HP: 45/45 MP: 5/5
  4722 | D:5      | Entered Level 5 of the Dungeon
  4731 | D:5      | Noticed Blork the orc
  4735 | D:5      | Reached skill level 4 in Fighting
  4735 | D:5      | Reached XP level 6. HP: 37/52 MP: 6/6
  4744 | D:5      | Slain by Blork the orc

Illustrated notes

Levels and vault maps discovered:
D:1:      amcnicky_arrival_choice, layout_loops_ring, serial_shops, shop,
          nicolae_shop_tiny_real_fake_doors, nicolae_shop_stone,
          nicolae_shop_trees
D:2:      layout_loops_corners, minmay_puff
D:3:      layout_basic, jmf_multi_god_temple2
D:4:      layout_cave_pools
D:5:      layout_rooms, uniq_blork_the_orc

Skill      XL: |  1  2  3  4  5 |
---------------+----------------+-----
Dodging        | 2 3 |  3.2
Fighting       | 3 4 |  4.0
Unarmed Combat | 3 |  3.6
Shapeshifting  | |  3.9

Action                     |  1- 3 |  4- 6 || total
---------------------------+-------+-------++-------
  Melee: Unarmed           |   137 |   110 ||   247
         Tailslap          |     9 |    13 ||    22
         Punch             |     1 |     2 ||     3
    Use: Scroll            |     6 |     5 ||    11
         Potion            |       |     1 ||     1
   Stab: Sleeping          |     2 |       ||     2
 Armour: Skin              |    49 |    16 ||    65
  Dodge: Dodged            |    74 |    52 ||   126

Table legend: (Time is in decaauts)
 A = Elapsed time spent in this place.
 B = Non-inter-level travel time spent in this place.
 C = Inter-level travel time spent in this place.
 D = Time resting spent in this place.
 E = Time spent auto-exploring this place.
 F = Levels seen in this place.
 G = Mean time per level.
                   A        B        C        D        E       F      G
               +--------+--------+--------+--------+--------+-----+--------+
         Total |   4729 |   4591 |    138 |    125 |   3916 |   5 |  945.8 |
       Dungeon |   4729 |   4591 |    138 |    125 |   3916 |   5 |  945.8 |
               +--------+--------+--------+--------+--------+-----+--------+

Top non-repeatable levels by time:
     D:3: 1497 daAuts
     D:2: 1322 daAuts
     D:4: 955 daAuts
     D:1: 936 daAuts
     D:5: 18 daAuts
